 Dungeon Crawl Stone Soup version 0.24.0-125-gc4c63601f3 (webtiles) character file.

Game seed: 2356012559871076747, levelgen mode: deterministic

161 eccles the Digger (level 5, -7/30 HPs)
             Began as a Gargoyle Earth Elementalist on Feb 25, 2020.
             Killed from afar by Sigmund (9 damage)
             ... with a puff of flame
             ... on level 2 of the Dungeon.
             The game lasted 00:12:21 (2415 turns).

eccles the Digger (Gargoyle Earth Elementalist)     Turns: 2415, Time: 00:12:21

Health: -7/30      AC:  7    Str: 12    XL:     5   Next: 42%
Magic:  9/9        EV: 12    Int: 16    God:
Gold:   83         SH:  0    Dex: 10    Spells: 4/10 levels left

rFire    . . .     SeeInvis .   a - +0 short sword
rCold    . . .     Gourm    .   (no shield)
rNeg     + . .     Faith    .   c - +0 robe
rPois    ∞         Spirit   .   j - +0 helmet
rElec    +         Reflect  .   (no cloak)
rCorr    .         Harm     .   (no gloves)
MR       .....                  (no boots)
Stlth    ++........             (no amulet)
HPRegen  0.10/turn              (no ring)
MPRegen  0.11/turn              (no ring)

@: no status effects
A: negative energy resistance 1, electricity resistance, unbreathing,
petrification resistance, rot immunity, AC +4
a: no special abilities


You were on level 2 of the Dungeon.
You were not hungry.

You visited 1 branch of the dungeon, and saw 2 of its levels.

You collected 83 gold pieces.

Inventory:

Hand Weapons
 a - a +0 short sword (weapon)
 e - a +0 dagger
 l - a +1 dagger of speed
Missiles
 g - 20 stones
 m - 6 poisoned darts (quivered)
Armour
 c - a +0 robe (worn)
 j - a +0 helmet (worn)
Scrolls
 h - 3 scrolls of teleportation {unknown}
 i - a scroll of enchant armour {unknown}
 k - 5 scrolls of remove curse {unknown}
 n - a scroll of immolation {unknown}
 o - 2 scrolls of identify {unknown}
 p - a scroll of enchant weapon {unknown}
Potions
 f - a potion of might {unknown}
 q - a potion of heal wounds {unknown}
Comestibles
 d - 4 rations


   Skills:
 * Level 1.8 Fighting
 + Level 0.5 Short Blades
 + Level 1.9 Dodging
 + Level 2.4 Stealth
 * Level 3.0 Spellcasting
 + Level 0.7 Transmutations
 * Level 5.4 Earth Magic


You had 4 spell levels left.
You knew the following spells:

 Your Spells              Type           Power        Failure   Level  Hunger
a - Sandblast             Erth           ###...       1%          1    #......
b - Passwall              Tmut/Erth      ##......     8%          2    ##.....
c - Stone Arrow           Conj/Erth      ##....       19%         3    ###....

Your spell library contained the following spells:

 Spells                   Type           Power        Failure   Level  Hunger
 Petrify                  Tmut/Erth      ##......     45%         4    #####..
 Lee's Rapid Deconstruct  Erth           ###.......   50%         5    ######.


Dungeon Overview and Level Annotations

Branches:
Dungeon (2/15)

Altars:

Annotations:
D:2 Sigmund


Innate Abilities, Weirdness & Mutations

You are resistant to torment.
Your stone body is resilient. (AC +4)
You are immune to poison.
You resist negative energy. (rN+)
You are resistant to electric shocks. (rElec)
You can survive without breathing.
You are immune to petrification.
You are immune to rotting.


Message History

You bump into the rock wall.
You feel less confused. Something hits you.
Something hits you but does no damage.
You barely miss something. You hit something.
Something hits you but does no damage.
You hit something. Something hits you.
You hit something but do no damage. Something hits you but does no damage.
You closely miss something. You miss something. Something hits you.
You barely miss something.
You hear some strange, mumbled words.
A magic dart appears from out of thin air!
The magic dart hits you but does no damage.
You closely miss something. Something hits you.
You hit something. Something hits you!
* * * LOW HITPOINT WARNING * * *
A puff of flame appears from out of thin air!
The puff of flame hits you!
You die...

.........##.####..#.#.#####
.........#.#.......>#)#
.......##.##..(.....#.#
####...#.#...####.#.#)#
#....##.##........#.#.######
#.##.#.#.....######.#)#....#
#.##.###..............#.##.#
#.##...g..(.#########.#.##.#
#.####......#...@.......##.#
#.# #......#.#######.####.#
..# #......#.# #......#
..#######.###.# #######.####
......# #.###.###....##..#
......# #.....##......##.#
......#######..........#.#
#.............#........#.#
#...........#.#........#.#


There were no monsters in sight!

Vanquished Creatures
  Natasha (twice) (D:2)
  Robin (D:2)
  3 adders (D:2)
  A worm (D:2)
  A dart slug (D:2)
  9 giant cockroaches
  15 goblins
  9 hobgoblins
  5 jackals (D:2)
  4 kobolds
  2 ball pythons (D:2)
  4 bats
  3 frilled lizards
  4 rats (D:2)
63 creatures vanquished.

Notes
Turn   | Place    | Note
-------+----------+-------------------------------------------
     0 | D:1      | eccles the Gargoyle Earth Elementalist began the quest for
                  | the Orb.
     0 | D:1      | Reached XP level 1. HP: 10/10 MP: 3/3
   540 | D:1      | Reached XP level 2. HP: 15/15 MP: 3/5
   559 | D:1      | Learned a level 2 spell: Passwall
   568 | D:1      | Reached skill level 4 in Earth Magic
  1141 | D:2      | Reached XP level 3. HP: 15/20 MP: 3/6
  1631 | D:2      | Reached skill level 1 in Fighting
  1703 | D:2      | Learned a level 3 spell: Stone Arrow
  1784 | D:2      | Reached XP level 4. HP: 20/25 MP: 2/7
  1912 | D:2      | Noticed Robin
  1983 | D:2      | Killed Robin
  1993 | D:2      | Noticed Natasha
  1999 | D:2      | Killed Natasha
  1999 | D:2      | Reached skill level 5 in Earth Magic
  2005 | D:2      | Reached XP level 5. HP: 26/30 MP: 1/9
  2210 | D:2      | Noticed Natasha
  2218 | D:2      | Killed Natasha
  2369 | D:2      | Noticed Sigmund
  2415 | D:2      | Killed from afar by Sigmund

Levels and vault maps discovered:
D:1:      nagdon_arrival_zigzag_paths, layout_basic
D:2:      minmay_roachtagon, layout_basic, minmay_vboxes, uniq_sigmund,
          uniq_robin, uniq_natasha

Skill      XL: |  1  2  3  4  5 |
---------------+----------------+-----
Earth Magic    | 4 5 |  5.4
Fighting       | 1 |  1.8
Spellcasting   | 3 |  3.0
Short Blades   | |  0.5
Dodging        | |  1.9
Stealth        | |  2.4
Transmutations | |  0.7

Action                   |  1- 3 |  4- 6 || total
-------------------------+-------+-------++-------
Melee: Unarmed           |     1 |       ||     1
       Short sword       |    40 |    61 ||   101
Throw: Dart              |       |     3 ||     3
 Cast: Sandblast         |    32 |    28 ||    60
       Stone Arrow       |     3 |     1 ||     4
 Stab: Sleeping          |     1 |       ||     1
  Eat: Chunk             |     3 |     3 ||     6
Armor: Robe              |    28 |    29 ||    57
Dodge: Dodged            |    35 |    46 ||    81
